 Dungeon Crawl Stone Soup version 0.18.1-48-g4cf74bf (webtiles) character file.

44 MistressOfTheDunes the Insei (level 3, -4/29 HPs)
             Began as a Mummy Monk on July 20, 2016.
             Slain by a kobold
             ... wielding a +0 short sword
              (7 damage)
             ... on level 2 of the Dungeon.
             The game lasted 00:01:25 (1775 turns).

MistressOfTheDunes the Insei (Mummy Monk)           Turns: 1775, Time: 00:01:25

Health: -4/29      AC:  0    Str: 14    XL:     3   Next: 39%
Magic:  3/3        EV: 13    Int:  9    God:
Gold:   46         SH:  0    Dex: 15    Spells: 0 memorised, 2 levels left

rFire  x . .     SeeInvis .       - Unarmed
rCold  + . .     Gourm    .     (no armour)
rNeg   + + +     Faith    .     (no shield)
rPois  ∞         Spirit   .     (no helmet)
rElec  .         Dismiss  .     (no cloak)
rCorr  .         Reflect  .     (no gloves)
SustAt .         Harm     .     (no boots)
MR     .....                    (no amulet)
Stlth  ++........               (no ring)
                                (no ring)

@: not resistant to hostile enchantments, unstealthy
A: no food or potions, fire vulnerability, cold resistance 1, negative energy
resistance 3, torment resistance, unbreathing
a: no special abilities


You were on level 2 of the Dungeon.
You were not hungry.

You visited 1 branch of the dungeon, and saw 2 of its levels.

You collected 46 gold pieces.


Innate Abilities, Weirdness & Mutations

You do not eat or drink.
Your flesh is vulnerable to fire.
You are immune to poison.
Your flesh is cold resistant.
You are immune to negative energy.
You are immune to unholy pain and torment.
You can survive without breathing.


   Skills:
 - Level 3.0 Fighting
 - Level 2.4 Dodging
 - Level 1.5 Stealth
 + Level 4.3 Unarmed Combat


You had 2 spell levels left.
You didn't know any spells.

Inventory:

Scrolls
 a - 3 scrolls of identify {unknown}
 b - a scroll of remove curse {unknown}

Dungeon Overview and Level Annotations

Branches:
Dungeon (2/15)

Altars:

▒▒†▒▒
▒.▒.▒▒.▒▒▒▒▒.▒
▒.▒..........▒
▒.▒▒▒▒▒..▒..▒▒
▒▒▒▒▒▒▒▒▒▒▒▒▒▒▒.▒
▒▒..▒ ..▒
%............▒▒.▒
▒▒K..▒.▒
▒▒▒▒▒▒▒▒▒▒▒▒.▒▒.▒
▒......▒
▒.▒.▒.▒▒▒......▒
▒.▒▒▒..MK......%▒
▒. ▒÷▒▒▒▒)....▒▒▒
▒ ..▒ ▒.....▒
▒..▒ ▒........
▒▒▒▒ ▒..
▒.....▒▒▒ ....
... ▒.....▒ ▒▒▒▒
▒▒▒ ▒▒▒.▒▒▒ ...▒
.▒ ▒▒.▒


You could see a kobold.


Message History

You pummel the adder like a punching bag!
You annihilate the adder!!!
You closely miss the rat! The rat barely misses you!
You squash the rat like an ant!
You annihilate the rat!!!
The goblin hits you with a dagger! * * * don't die
* * *
Items here: ( )) † a short sword; 4 stones; a club; a hobgoblin corpse You barely miss the goblin!
The goblin misses you!
You pummel the goblin like a punching bag!
The goblin is severely wounded!
The goblin hits you but does no damage!
You closely miss the goblin!
The goblin is severely wounded!
You miss the goblin! Your punch misses the goblin!
The goblin is severely wounded!
The goblin closely misses you!
You pummel the goblin but do no damage! You punch the goblin!
You annihilate the goblin!!!
You closely miss the kobold! The kobold closely misses you!
You miss the kobold! The kobold closely misses you!
You beat the kobold but do no damage!
The kobold misses you!
You barely miss the kobold! The kobold closely misses you!
You completely miss the kobold!
The kobold hits you with a short sword! * * * don't die
* * * You barely miss the kobold!
You barely miss the kobold!
The kobold hits you with a short sword!!! rip

Action                   || total
-------------------------++-------
Melee: Unarmed           ||   122
       Punch             ||     1
 Stab: Sleeping          ||     6
Dodge: Dodged            ||    73

Vault maps used:
D:1:      nicolae_arrival_washed_ashore
D:2:      amethyst_overflow_temple_binary, first_bread

Notes
Turn   | Place    | Note
--------------------------------------------------------------
     0 | D:1      | MistressOfTheDunes the Mummy Monk began the quest for the Orb.
     0 | D:1      | Reached XP level 1. HP: 18/18 MP: 1/1
   270 | D:1      | Reached XP level 2. HP: 12/24 MP: 2/2
  1136 | D:1      | Reached skill level 4 in Unarmed Combat
  1425 | D:2      | Reached XP level 3. HP: 20/29 MP: 3/3
  1773 | D:2      | HP: 2/29 [kobold/short sword (6)]
  1775 | D:2      | Slain by a kobold

Vanquished Creatures
  An adder (D:2)
  2 dart slugs (D:1)
  A giant gecko (D:2)
  A giant cockroach (D:2)
  3 goblins
  2 hobgoblins
  4 jackals (D:1)
  5 kobolds
  A ball python (D:1)
  4 bats
  3 giant newts (D:1)
  2 rats
29 creatures vanquished.
